 Dungeon Crawl Stone Soup version 0.30.1-9-gdf580d7c3d (webtiles) character file.

Game seed: 13714259518672520618

11202 lonewolfV2 the Fighter (level 11, -5/160 HPs)
             Began as a Minotaur Fighter on Oct 17, 2023.
             Slain by a rust devil (12 damage)
             ... summoned by a kobold demonologist
             ... on level 12 of the Dungeon.
             The game lasted 00:20:46 (11091 turns).

lonewolfV2 the Fighter (Minotaur Fighter)          Turns: 11091, Time: 00:20:47

Health: -5/160     AC:  0    Str: 26    XL:     11   Next: 46%
Magic:  3/3        EV: 13    Int:  5    God:
Gold:   885        SH:  8    Dex: 20    Spells: 10/10 levels left

rFire   + + .        f - +0 hand axe of Fucil {antimagic, *Rage rElec Str+3 Int+4}
rCold   + . .        c - +1 buckler
rNeg    . . .        y - +0 chain mail
rPois   +            A - +2 hat
rElec   +            B - +2 cloak
rCorr   +            (no gloves)
SInv    .            (no boots)
Will    .....        H - amulet of Kigagiub {Fragile Regen+ Int-4 Dex+5 Slay+2} Stlth
                     t - ring of poison resistance
HPRegen 1.26/turn    i - ring "Qoceklo" {*Slow rElec rF+ EV+5 Dex+3}
MPRegen 0.08/turn

%: random rage (20%), slow self (1%)
@: berserking, resistant, corroded, very quick
A: horns 2, retaliatory headbutt
a: no special abilities


You were on level 12 of the Dungeon.
You visited 2 branches of the dungeon, and saw 13 of its levels.

You collected 885 gold pieces.

Inventory:

Hand Weapons
 a - a +1 war axe of draining
 f - the +0 hand axe of Fucil (weapon) {antimagic, *Rage rElec Str+3 Int+4}
   (You found it on level 10 of the Dungeon)

   Str:       It affects your strength (+3).
   Int:       It affects your intelligence (+4).
   rElec:     It insulates you from electricity.
   *Rage:     It berserks you when you make melee attacks (+20% chance).
 z - a +3 war axe of flaming
Missiles
 x - a throwing net (quivered)
Armour
 b - a +0 scale mail
 c - a +1 buckler (worn)
 q - a +0 cloak
 y - a +0 chain mail (worn)
 A - a +2 hat (worn)
 B - a +2 cloak (worn)
Jewellery
 i - the ring "Qoceklo" (right hand) {*Slow rElec rF+ EV+5 Dex+3}
   (You acquired it on level 4 of the Dungeon)

   [ring of evasion]

   EV:        It affects your evasion (+5).
   Dex:       It affects your dexterity (+3).
   rF:        It protects you from fire.
   rElec:     It insulates you from electricity.
   *Slow:     It may slow you when you take damage.
 k - a ring of wizardry
 r - a ring of resist corrosion
 t - a ring of poison resistance (left hand)
 H - the amulet of Kigagiub (around neck) {Fragile Regen+ Int-4 Dex+5 Slay+2}
   (You acquired it on level 11 of the Dungeon)

   [amulet of regeneration]

   Int:       It affects your intelligence (-4).
   Dex:       It affects your dexterity (+5).
   Slay:      It affects your accuracy & damage with ranged weapons and melee
   (+2).
   Regen:     It increases your rate of health regeneration.
   Fragile:   It will be destroyed if unequipped.
 J - a ring of fire
Wands
 p - a wand of digging (7)
 u - a wand of light (14)
Scrolls
 d - a scroll of fear
 m - 3 scrolls of teleportation
 s - a scroll of blinking
 v - 4 scrolls of enchant armour
 C - a scroll of enchant weapon
 E - a scroll of vulnerability
 K - a scroll of poison
Potions
 e - a potion of lignification
 g - 2 potions of brilliance
 h - 4 potions of degeneration
 j - 4 potions of attraction
 l - a potion of invisibility
 n - a potion of flight
 o - 4 potions of mutation
 w - a potion of magic {unknown}
 D - 2 potions of haste
 I - a potion of cancellation {unknown}


   Skills:
 + Level 13.0 Fighting
 + Level 12.8 Axes
 + Level 8.6 Armour
 - Level 10.7 Shields


You had 10 spell levels left.
You didn't know any spells.
Your spell library contained the following spells:

 Spells                   Type           Power      Damage    Failure   Level
 Kiss of Death            Conj/Necr      0%         2d5       94%         1
 Necrotise                Necr           0%         1d4       94%         1
 Poisonous Vapours        Pois/Air       0%         N/A       98%         2
 Scorch                   Fire           0%         2d5       98%         2
 Confusing Touch          Hex            0%         N/A       100%        3
 Inner Flame              Hex/Fire       0%         N/A       100%        3
 Mephitic Cloud           Conj/Pois/Air  0%         N/A       100%        3
 Vampiric Draining        Necr           0%         2d6       100%        3
 Vhi's Electric Charge    Tloc/Air       0%         N/A       100%        3
 Dispel Undead            Necr           0%         3d6       100%        4
 Flame Wave               Conj/Fire      0%         2d4       100%        4
 Sticky Flame             Conj/Fire      0%         2d3       100%        4
 Agony                    Necr           0%         N/A       100%        5
 Arcjolt                  Conj/Air       0%         1d10      100%        5
 Fireball                 Conj/Fire      0%         3d3       100%        5
 Freezing Cloud           Conj/Ice/Air   0%         6-21      100%        5
 Iskenderun's Battlesphe  Conj           0%         2d6       100%        5
 Conjure Ball Lightning   Conj/Air       0%         3x3d6     100%        6
 Plasma Beam              Fire/Air       0%         2x1d11    100%        6
 Summon Cactus Giant      Summ           0%         N/A       100%        6
 Orb of Destruction       Conj           0%         9d5       100%        7


Dungeon Overview and Level Annotations

Branches:
Dungeon (12/15)            Temple (1/1) D:4            Lair (0/5) D:10
    Orc (0/2) D:10

Altars:
Ashenzari
Cheibriados
Dithmenos
Elyvilon
Fedhas
Gozag
Hepliaklqana
Kikubaaqudgha
Makhleb
Nemelex Xobeh
Okawaru
Qazlal
Ru
Sif Muna
Trog
Uskayaw
Vehumet
Wu Jian
Xom
Yredelemnul
Zin
The Shining One

Shops:
D:10 (

Annotations:
D:7 2 transporters, edwinsage's ghost, novice FoEE


Innate Abilities, Weirdness & Mutations

You have a pair of horns on your head.
You reflexively headbutt those who attack you in melee.


Message History

* * * LOW HITPOINT WARNING * * *
The iron imp barely misses you. You furiously retaliate!
You headbutt the iron imp!
A red film seems to cover your vision as you go berserk!
You feel yourself moving faster!
You feel mighty!
You hit the kobold demonologist but do no damage.
You headbutt the kobold demonologist!
The kobold demonologist is almost dead.
You hit the iron imp. You closely miss something. You hit the rust devil.
Something hits you!
* * * LOW HITPOINT WARNING * * *
You block the kobold demonologist's attack.
You miss the kobold demonologist. You headbutt the kobold demonologist.
The kobold demonologist is almost dead.
You hit the rust devil but do no damage.
You barely miss the iron imp. You hit something. Something hits you.
* * * LOW HITPOINT WARNING * * *
The rust devil barely misses you. You furiously retaliate!
You headbutt the rust devil.
You closely miss the kobold demonologist.
The kobold demonologist is almost dead.
You hit the iron imp.
You kill the iron imp!
The iron imp disappears in a puff of smoke!
You hit something but do no damage. You closely miss the rust devil.
Something hits you!
* * * LOW HITPOINT WARNING * * *
You barely miss the kobold demonologist.
The kobold demonologist is almost dead.
You miss something.
You hit the rust devil but do no damage.
Something hits you.
* * * LOW HITPOINT WARNING * * *
The kobold demonologist falters for a moment.
You hit the kobold demonologist but do no damage.
The kobold demonologist is almost dead.
You slash the rust devil! You closely miss something. Something hits you!
* * * LOW HITPOINT WARNING * * *
The rust devil hits you!
You die...

.##.......... #.. #..#
.##.......... #..##..#
#############+#......#
...........#
...........#
######.)..#
..######....#
....$§§K)...#
.......@....#
####.§.§4...#
#........# #........#
#.#......# #.#......#
# .......# ........#


You could see a rust devil (summoned) and a kobold demonologist (magic
disrupted).

Vanquished Creatures
  Gastronok (D:8)
  2 two-headed ogres (D:8)
  Nergalle (D:11)
  Pikel (D:4)
  A cyclops (D:12)
  2 unseen horrors (D:10)
  A gargoyle (D:11)
  Grinder (D:5)
  Sigmund (D:5)
  A wraith (D:11)
  A vampire (D:10)
  2 wyverns
  7 yaks
  A steam dragon (D:10)
  3 water moccasins
  An ice beast (D:5)
  2 sky beasts (D:8)
  6 orc warriors
  2 black bears
  2 ogres (D:5)
  5 centaurs
  3 bullfrogs
  4 kobold brigands
  2 gnoll sergeants
  12 scorpions
  3 wights (D:9)
  10 killer bees (D:9)
  2 howler monkeys (D:5)
  2 hounds
  3 jellies
  5 orc priests
  3 sleepcaps
  An iguana (D:5)
  13 orc wizards
  7 gnolls
  11 adders
  3 white imps
  A worm (D:2)
  4 dart slugs
  29 orcs
  A ball python (D:2)
  8 endoplasms
  2 giant cockroaches (D:1)
  12 goblins
  8 hobgoblins
  3 jackals (D:3)
  26 kobolds
  2 quokkas
  13 bats
  3 frilled lizards
  6 rats
246 creatures vanquished.

Notes
Turn   | Place    | Note
-------+----------+-------------------------------------------
     0 | D:1      | lonewolfV2 the Minotaur Fighter began the quest for the
                  | Orb.
     0 | D:1      | Reached XP level 1. HP: 19/19 MP: 0/0
   230 | D:1      | Reached XP level 2. HP: 27/27 MP: 1/1
   359 | D:1      | Reached skill level 4 in Fighting
   739 | D:2      | Reached XP level 3. HP: 33/33 MP: 2/2
   985 | D:2      | Reached XP level 4. HP: 40/41 MP: 3/3
  1752 | D:3      | Reached XP level 5. HP: 47/47 MP: 4/4
  1781 | D:3      | Found a hazy altar of Hepliaklqana.
  1938 | D:3      | Reached skill level 5 in Fighting
  1938 | D:3      | Reached skill level 5 in Shields
  2411 | D:4      | Noticed a black bear
  2416 | D:4      | Killed a black bear
  2417 | D:4      | Reached XP level 6. HP: 56/56 MP: 5/5
  2523 | D:4      | Noticed Pikel
  2538 | D:4      | Killed Pikel
  2539 | D:4      | Reached skill level 6 in Fighting
  2539 | D:4      | Reached XP level 7. HP: 19/64 MP: 6/6
  2863 | D:4      | Found a white marble altar of Elyvilon.
  2898 | D:4      | Found a staircase to the Ecumenical Temple.
  2954 | D:4      | Found a sparkling altar of Nemelex Xobeh.
  2971 | D:4      | Reached skill level 7 in Fighting
  3322 | Temple   | Entered the Ecumenical Temple
  3727 | D:4      | Identified a scroll of acquirement
  3727 | D:4      | Acquired the ring "Qoceklo" {*Slow rElec rF+ EV+5 Dex+3}
  3759 | D:5      | Entered Level 5 of the Dungeon
  3956 | D:5      | Noticed Sigmund
  3969 | D:5      | Killed Sigmund
  3970 | D:5      | Reached XP level 8. HP: 56/73 MP: 7/7
  4097 | D:5      | Found a blossoming altar of Fedhas.
  4125 | D:5      | Reached skill level 8 in Fighting
  4508 | D:5      | Noticed Grinder
  4518 | D:5      | Killed Grinder
  4716 | D:6      | Reached XP level 9. HP: 82/82 MP: 8/8
  4740 | D:6      | Found a shadowy altar of Dithmenos.
  4755 | D:6      | Reached skill level 9 in Fighting
  5640 | D:7      | Found an ornate altar of the Wu Jian Council.
  5686 | D:7      | Found an iron altar of Okawaru.
  5809 | D:7      | Found a bloodstained altar of Trog.
  5809 | D:7      | Noticed edwinsage's ghost (novice FoEE)
  5816 | D:7      | Found a transporter.
  6102 | D:7      | Found a transporter.
  6111 | D:7      | Noticed a two-headed ogre
  6115 | D:7      | Noticed a moth of wrath
  6152 | D:7      | Reached skill level 10 in Fighting
  6152 | D:7      | Reached skill level 10 in Shields
  6700 | D:8      | Noticed a two-headed ogre
  6705 | D:8      | Reached skill level 10 in Axes
  6711 | D:8      | Killed a two-headed ogre
  6712 | D:8      | Reached XP level 10. HP: 76/94 MP: 4/9
  6786 | D:8      | Noticed Gastronok
  6810 | D:8      | Killed Gastronok
  6811 | D:8      | Reached skill level 11 in Fighting
  6811 | D:8      | Reached skill level 5 in Armour
  7198 | D:8      | Noticed a two-headed ogre
  7208 | D:8      | Killed a two-headed ogre
  8062 | D:9      | Found a stormy altar of Qazlal.
  8114 | D:9      | Reached skill level 12 in Fighting
  8351 | D:9      | Reached XP level 11. HP: 98/104 MP: 10/10
  9024 | D:10     | Entered Level 10 of the Dungeon
  9099 | D:10     | Found a shimmering altar of Xom.
  9100 | D:10     | Found a shimmering altar of Xom.
  9100 | D:10     | Found a shimmering altar of Xom.
  9101 | D:10     | Found a shimmering altar of Xom.
  9251 | D:10     | Found a glowing silver altar of Zin.
  9379 | D:10     | Found a staircase to the Lair.
  9881 | D:10     | Identified the +0 hand axe of Fucil {antimagic, *Rage rElec
                  | Str+3 Int+4}
  9889 | D:10     | Found a staircase to the Orcish Mines.
  9889 | D:10     | Found Daal Wue's Weapon Shoppe.
 10384 | D:11     | Found an opulent altar of Gozag.
 10386 | D:11     | Noticed Nergalle
 10409 | D:11     | Killed Nergalle
 10943 | D:11     | Acquired the amulet of Kigagiub {Fragile Regen+ Int-4 Dex+5
                  | Slay+2}
 10999 | D:12     | Reached skill level 13 in Fighting
 11091 | D:12     | HP: 7/160 [something (9)]
 11091 | D:12     | Slain by a rust devil

Illustrated notes

Levels and vault maps discovered:
D:1:      minmay_arrival_doors, layout_basic, dk_noncrumbling_4
D:2:      layout_rooms, minmay_pentomino_x2
D:3:      layout_loops_ring, marbit_many_paths, hex_large
D:4:      layout_basic, mainiacjoe_overflow_six_doors_small,
          nemelex_diamond_rough_becter, temple_statues, uniq_pikel
D:5:      layout_basic, amcnicky_altar_gilded, uniq_sigmund, uniq_grinder
D:6:      layout_basic, nicolae_dithmenos_through_a_glass_darkly
D:7:      layout_loops_corners, nicolae_wu_jian_immortal_techniques,
          okawaru_metal_pillars_1_2, enter_bailey_3,
          gammafunk_ghost_wrathful_warriors
D:8:      layout_loops_ring, minmay_chambers_of_fives, uniq_gastronok
D:9:      old_forge, layout_irregular_city, mainiacjoe_overflow_tiny_flanked
D:10:     layout_cave_pools, xom_shifter_show, zin_academy,
          grunt_lair_entry_orc_guard_hut, orc_david_3
D:11:     layout_grid_maze, nicolae_gozag_seed_capital, uniq_nergalle
D:12:     layout_stronghold
Temple:   minmay_temple_forest_path

Skill      XL: |  1  2  3  4  5  6  7  8  9 10 11 |
---------------+----------------------------------+-----
Fighting       | 4 5 6 7 8 10 12 13 | 13.0
Shields        | 4 5 6 7 8 10 | 10.7
Axes           | 3 4 6 7 8 10 12 | 12.8
Armour         | 7 8 |  8.6

Action                     |  1- 3 |  4- 6 |  7- 9 | 10-12 || total
---------------------------+-------+-------+-------+-------++-------
  Melee: War axe           |    77 |    70 |   202 |   210 ||   559
         Headbutt          |    10 |    13 |    41 |    54 ||   118
         Hand axe          |       |       |       |    53 ||    53
    Use: Scroll            |     4 |     8 |     7 |     5 ||    24
         Potion            |       |     1 |     3 |     5 ||     9
 Armour: Scale mail        |    44 |    30 |    26 |       ||   100
         Skin              |       |       |     7 |       ||     7
         Chain mail        |       |       |    26 |   133 ||   159
  Dodge: Dodged            |    40 |    36 |   100 |   131 ||   307
  Block: Buckler           |    21 |    10 |    77 |   105 ||   213
